WCHLSIM.com - West Coast Hockey League
html PUBLIC "-//W3C//DTD XHTML 1.0 Transitional//EN" "http://www.w3.org/TR/xhtml1/DTD/xhtml1-transitional.dtd"> WCHL - Game 77 - EDMONTON ICE vs LOS ANGELES SEALS

EDMONTON ICE vs LOS ANGELES SEALS

Created - 23 novembre 2020 at 21:52

Goals
1 2 3 OT1 SO T
EDMONTON ICE 3 1 0 0 2 5
LOS ANGELES SEALS 1 0 3 0 0 4
Shots
1 2 3 OT1 SO T
EDMONTON ICE 9 12 18 3 2 42
LOS ANGELES SEALS 8 2 9 0 2 19

1st period

1. EDMONTON ICE , Boone Jenner 1 (Markus Nutivaara 2) at 0:40
2. EDMONTON ICE , Jaden Schwartz 2 (Anthony Mantha 3, Ryan O'Reilly 3) at 5:58
3. EDMONTON ICE , Patric Hornqvist 2 (Calvin De Haan 2) at 7:19
4. LOS ANGELES SEALS , Patrick Maroon 1 (Adam Lowry 1) at 8:42

Penalties :
Jack Johnson (EDM) for Hooking (Minor) at 1:06, Mark Scheifele (LOS) for Boarding (Minor) at 10:26, Colton Parayko (EDM) for Roughing (Minor) at 10:26, Ben Harpur (LOS) for High sticking (Minor) at 17:57

2nd period

5. EDMONTON ICE , Shea Theodore 1 (Patric Hornqvist 3, Timo Meier 4) at 0:29

Penalties :
Marcus Pettersson (LOS) for Hooking (Minor) at 3:08, Jake Allen (EDM) for Slashing (Minor) at 15:23 - Shea Theodore served the penalty.

3rd period

6. LOS ANGELES SEALS , Shayne Gostisbehere 2 (Mark Scheifele 5, Jason Zucker 4) at 0:33
7. LOS ANGELES SEALS , Andreas Johnsson 2 (Marcus Johansson 4, Tyler Johnson 1) at 10:12
8. LOS ANGELES SEALS , Jason Zucker 2 (Mark Scheifele 6, Marcus Pettersson 2) at 19:37

Penalties :
Ryan Murray (LOS) for Interference (Minor) at 1:56, Marcus Pettersson (LOS) for Roughing (Minor) at 6:40, Ben Harpur (LOS) for Elbowing (Minor) at 15:18, Adam Lowry (LOS) for Hooking (Minor) at 17:18, Ben Harpur (LOS) for Interference (Minor) at 19:58

Overtime #1

No Goal

Penalties :
No Penalty

Shootout

EDMONTON ICE, Ryan O'Reilly - Goal!
LOS ANGELES SEALS, Mark Scheifele - Stopped by Jake Allen
EDMONTON ICE, Anthony Mantha - Goal!
LOS ANGELES SEALS, Nick Schmaltz - Stopped by Jake Allen

Penalties :
No Penalty

Goalie Stats

Jake Allen (EDM), 15 saves from 19 shots - (0,789), W, 2-1-1, 65:00 minutes
Casey DeSmith (LOS), 6 saves from 10 shots - (0,600), 20:29 minutes
Carter Hutton (LOS), 32 saves from 32 shots - (1,000), OTL, 1-3-1, 44:13 minutes

Players Stats for EDMONTON ICE

Player Name              G  A  P  +/- PIM S  H  SB GA TA FO     MP     PP MP  PK MP  
------------------------------------------------------------------------------------
Anthony Mantha           0  1  1   0  0   9  1  0  0  0  0/2    23:24   6:01   0:00 
Boone Jenner             1  0  1   0  0   5  0  0  0  0  7/14   13:36   0:00   2:44 
Brendan Perlini          0  0  0   0  0   0  0  0  0  0  0/0     0:00   0:00   0:00 
Calvin De Haan           0  1  1  -2  0   0  1  1  0  0  0/0    16:11   0:00   1:25 
Colton Parayko           0  0  0   0  2   3  1  2  0  0  0/0    26:54   6:07   2:17 
Ivan Barbashev           0  0  0   0  0   1  0  0  0  0  2/5     2:08   0:00   0:00 
Jack Johnson             0  0  0   1  2   0  2  0  0  0  0/0    13:40   0:00   0:29 
Jaden Schwartz           1  0  1   0  0   4  2  0  0  0  0/2    23:51   6:01   0:00 
Jeff Petry               0  0  0   0  0   0  0  1  0  0  0/0    26:52   5:48   1:41 
Joel Eriksson Ek         0  0  0   1  0   5  1  0  0  0  3/7    19:15   5:54   0:00 
Markus Nutivaara         0  1  1   0  0   0  0  0  0  0  0/0    18:22   6:07   1:02 
Mathieu Perreault        0  0  0   0  0   0  0  0  0  0  0/0     3:22   0:00   1:14 
Mikko Koivu              0  0  0   0  0   0  0  0  0  0  8/20   16:19   0:00   1:14 
Ondrej Kase              0  0  0   0  0   1  0  0  0  0  0/0    13:20   0:00   1:52 
Patric Hornqvist         1  1  2   0  0   7  1  0  0  0  1/2    19:43   5:54   0:00 
Ryan O'Reilly            0  1  1   0  0   2  1  2  0  0  13/30  25:37   6:01   0:52 
Shea Theodore            1  0  1   1  0   3  1  0  0  0  0/0    24:57   5:48   1:02 
Timo Meier               0  1  1  -1  0   2  4  0  0  0  1/2    23:28   5:54   0:00 

Players Stats for LOS ANGELES SEALS

Player Name              G  A  P  +/- PIM S  H  SB GA TA FO     MP     PP MP  PK MP  
------------------------------------------------------------------------------------
Adam Lowry               0  1  1   1  2   1  1  0  0  0  10/12  13:42   0:00   0:00 
Andreas Johnsson         1  0  1  -1  0   1  1  1  0  0  0/2    16:09   2:05   0:00 
Ben Harpur               0  0  0   1  6   0  3  0  0  0  0/0    12:16   0:04   0:48 
Chris Conner             0  0  0   1  0   0  0  0  0  0  0/0     9:37   0:00   0:00 
Esa Lindell              0  0  0   1  0   1  0  2  0  0  0/0    27:20   2:28   7:38 
Frank Corrado            0  0  0   1  0   0  0  0  0  0  0/0    13:37   0:00   2:52 
Isac Lundestrom          0  0  0   0  0   0  0  0  0  0  0/1     0:57   0:00   0:00 
Jason Zucker             1  1  2   0  0   2  4  0  0  0  0/2    23:52   1:53   4:54 
Lukas Radil              0  0  0   0  0   0  0  0  0  0  0/0     3:10   0:00   0:00 
Marcus Johansson         0  1  1  -1  0   1  2  0  0  0  15/25  23:13   2:05   4:54 
Marcus Pettersson        0  1  1   1  4   0  4  0  0  0  0/0    24:13   2:28   5:07 
Mark Scheifele           0  2  2   0  2   3  0  0  0  0  22/38  26:36   1:53   8:29 
Nate Prosser             0  0  0   0  0   0  0  0  0  0  0/0     4:33   0:00   0:00 
Nick Schmaltz            0  0  0   0  0   4  1  0  0  0  1/3    26:40   1:53   7:13 
Patrick Maroon           1  0  1   1  0   2  0  0  0  0  1/1    13:17   0:00   0:18 
Ryan Murray              0  0  0  -2  2   0  2  2  0  0  0/0    20:28   1:30   5:06 
Shayne Gostisbehere      1  0  1  -2  0   1  1  2  0  0  0/0    24:25   1:26   6:15 
Tyler Johnson            0  1  1  -1  0   3  0  0  0  0  0/0    16:53   2:05   0:00 

3 Stars

1 - Jason Zucker (LOS)
2 - Patric Hornqvist (EDM)
3 - Shea Theodore (EDM)

Power Play

EDMONTON ICE - 0 on 7 Attempt(s) - 0,00%
LOS ANGELES SEALS - 0 on 2 Attempt(s) - 0,00%

Penalty Kill

EDMONTON ICE - 2 on 2 Attempt(s) - 100,00% - Score 0 goal in Penalty Kill
LOS ANGELES SEALS - 7 on 7 Attempt(s) - 100,00% - Score 0 goal in Penalty Kill

Team Stat

EDMONTON ICE - Hits : 15 - Faceoff Wins : 35 - Blocked Shots : 6 - Penalty Minutes : 6
LOS ANGELES SEALS - Hits : 19 - Faceoff Wins : 49 - Blocked Shots : 7 - Penalty Minutes : 16

Official

Referees : Francois St-Laurent and Mike Campbell
Linesman : Dennis Urban and Brian Murphy

Game Notes

Carter Hutton enters game at 0:29 of 2nd period

Finance

Level 1 -- Attendance: 5432 (90,53%) -- Ticket Income 814 800 $
Level 2 -- Attendance: 3920 (78,40%) -- Ticket Income 388 080 $
Level 3 -- Attendance: 1625 (81,25%) -- Ticket Income 136 500 $
Level 4 -- Attendance: 2310 (57,75%) -- Ticket Income 184 800 $
Luxury Box -- Attendance: 734 (73,40%) -- Ticket Income 220 200 $
Total Attendance: 14021 (77,89%)
Total Ticket Income: 1 744 380 $
Other Income: 610 533 $
Total Income: 2 354 913 $

EDMONTON ICE

5 vs 5 Forward 
   Center                   Left Wing                Right Wing               Time % Phy DF OF 
 1 Ryan O'Reilly            Jaden Schwartz           Anthony Mantha           37     0   2  3  
 2 Mikko Koivu              Timo Meier               Patric Hornqvist         34     0   2  3  
 3 Boone Jenner             Ondrej Kase              Joel Eriksson Ek         23     0   3  2  
 4 Ivan Barbashev           Mathieu Perreault        Joel Eriksson Ek         6      0   4  1  

5 vs 5 Defense 
   Defense                  Defense                                           Time % Phy DF OF 
 1 Colton Parayko           Shea Theodore                                     37     0   3  2  
 2 Calvin De Haan           Jeff Petry                                        33     0   3  2  
 3 Jack Johnson             Markus Nutivaara                                  23     0   4  1  
 4 Jack Johnson             Jeff Petry                                        7      0   3  2  

PowerPlay Forward 
   Center                   Left Wing                Right Wing               Time % Phy DF OF 
 1 Ryan O'Reilly            Jaden Schwartz           Anthony Mantha           57     0   1  4  
 2 Joel Eriksson Ek         Timo Meier               Patric Hornqvist         43     0   1  4  

PowerPlay Defense
   Defense                  Defense                                           Time % Phy DF OF 
 1 Jeff Petry               Shea Theodore                                     57     0   1  4  
 2 Markus Nutivaara         Colton Parayko                                    43     0   1  4  

Penalty Kill 4 Players Forward 
   Center                   Wing                     Time % Phy DF OF 
 1 Boone Jenner             Ondrej Kase              57     0   4  1  
 2 Mikko Koivu              Mathieu Perreault        43     0   4  1  

Penalty Kill 4 Players Defense
   Defense                  Defense                  Time % Phy DF OF 
 1 Calvin De Haan           Colton Parayko           57     0   4  1  
 2 Jack Johnson             Jeff Petry               43     0   4  1  

Penalty Kill - 3 Players Forward 
   Forward                                           Time % Phy DF OF 
 1 Boone Jenner                                      55     0   5  0  
 2 Mikko Koivu                                       45     0   5  0  

Penalty Kill - 3 Players Defense
   Defense                  Defense                  Time % Phy DF OF 
 1 Calvin De Haan           Colton Parayko           55     0   5  0  
 2 Jack Johnson             Jeff Petry               45     0   5  0  

4 vs 4 Forward 
   Center                   Wing                     Time % Phy DF OF 
 1 Ryan O'Reilly            Timo Meier               55     1   2  2  
 2 Mikko Koivu              Jaden Schwartz           45     1   2  2  

4 vs 4 Defense
   Defense                  Defense                  Time % Phy DF OF 
 1 Jeff Petry               Colton Parayko           55     1   2  2  
 2 Jack Johnson             Markus Nutivaara         45     1   2  2  

Last Minutes Offensive
   Center                   Left Wing                Right Wing               Defense                  Defense                  
   Ryan O'Reilly            Jaden Schwartz           Anthony Mantha           Jeff Petry               Shea Theodore            

Last Minutes Defensive
   Center                   Left Wing                Right Wing               Defense                  Defense                  
   Boone Jenner             Ondrej Kase              Timo Meier               Calvin De Haan           Colton Parayko           

Goaltenders
Starting : Jake Allen               
Backup : Philipp Grubauer         

Extra Forwards
Normal : Timo Meier, Joel Eriksson Ek, Ondrej Kase - PP : Ondrej Kase, Mikko Koivu - PK : Ryan O'Reilly
Extra Defensemen
Normal : Shea Theodore, Colton Parayko, Jeff Petry - PP : Jack Johnson - PK : Shea Theodore, Markus Nutivaara
Penalty Shots
Ryan O'Reilly, Anthony Mantha, Jaden Schwartz, Timo Meier, Patric Hornqvist
Custom OT Lines Forwards
Ryan O'Reilly, Anthony Mantha, Jaden Schwartz, Timo Meier, Joel Eriksson Ek, Ondrej Kase, Mikko Koivu, Boone Jenner, Patric Hornqvist, Ivan Barbashev
Custom OT Lines Defensemen
Jeff Petry, Colton Parayko, Shea Theodore, Jack Johnson, Markus Nutivaara

Scratches
None

LOS ANGELES SEALS

5 vs 5 Forward 
   Center                   Left Wing                Right Wing               Time % Phy DF OF 
 1 Mark Scheifele           Nick Schmaltz            Jason Zucker             36     1   2  2  
 2 Marcus Johansson         Tyler Johnson            Andreas Johnsson         31     1   2  2  
 3 Adam Lowry               Patrick Maroon           Chris Conner             23     1   2  2  
 4 Adam Lowry               Patrick Maroon           Lukas Radil              10     1   2  2  

5 vs 5 Defense 
   Defense                  Defense                                           Time % Phy DF OF 
 1 Esa Lindell              Marcus Pettersson                                 36     1   2  2  
 2 Ryan Murray              Shayne Gostisbehere                               31     1   2  2  
 3 Ben Harpur               Frank Corrado                                     23     1   2  2  
 4 Nate Prosser             Shayne Gostisbehere                               10     1   2  2  

PowerPlay Forward 
   Center                   Left Wing                Right Wing               Time % Phy DF OF 
 1 Mark Scheifele           Nick Schmaltz            Jason Zucker             55     1   2  2  
 2 Marcus Johansson         Tyler Johnson            Andreas Johnsson         45     1   2  2  

PowerPlay Defense
   Defense                  Defense                                           Time % Phy DF OF 
 1 Esa Lindell              Marcus Pettersson                                 55     1   2  2  
 2 Ryan Murray              Shayne Gostisbehere                               45     1   2  2  

Penalty Kill 4 Players Forward 
   Center                   Wing                     Time % Phy DF OF 
 1 Mark Scheifele           Nick Schmaltz            55     1   2  2  
 2 Marcus Johansson         Jason Zucker             45     1   2  2  

Penalty Kill 4 Players Defense
   Defense                  Defense                  Time % Phy DF OF 
 1 Esa Lindell              Marcus Pettersson        55     1   2  2  
 2 Ryan Murray              Shayne Gostisbehere      45     1   2  2  

Penalty Kill - 3 Players Forward 
   Forward                                           Time % Phy DF OF 
 1 Mark Scheifele                                    55     1   2  2  
 2 Nick Schmaltz                                     45     1   2  2  

Penalty Kill - 3 Players Defense
   Defense                  Defense                  Time % Phy DF OF 
 1 Esa Lindell              Marcus Pettersson        55     1   2  2  
 2 Ryan Murray              Shayne Gostisbehere      45     1   2  2  

4 vs 4 Forward 
   Center                   Wing                     Time % Phy DF OF 
 1 Mark Scheifele           Nick Schmaltz            55     1   2  2  
 2 Marcus Johansson         Jason Zucker             45     1   2  2  

4 vs 4 Defense
   Defense                  Defense                  Time % Phy DF OF 
 1 Esa Lindell              Marcus Pettersson        55     1   2  2  
 2 Ryan Murray              Shayne Gostisbehere      45     1   2  2  

Last Minutes Offensive
   Center                   Left Wing                Right Wing               Defense                  Defense                  
   Mark Scheifele           Nick Schmaltz            Jason Zucker             Esa Lindell              Marcus Pettersson        

Last Minutes Defensive
   Center                   Left Wing                Right Wing               Defense                  Defense                  
   Mark Scheifele           Nick Schmaltz            Jason Zucker             Esa Lindell              Marcus Pettersson        

Goaltenders
Starting : Casey DeSmith            
Backup : Carter Hutton            

Extra Forwards
Normal : Isac Lundestrom, Adam Lowry, Patrick Maroon - PP : Isac Lundestrom, Adam Lowry - PK : Patrick Maroon
Extra Defensemen
Normal : Ben Harpur, Frank Corrado, Marcus Pettersson - PP : Ben Harpur - PK : Frank Corrado, Esa Lindell
Penalty Shots
Mark Scheifele, Nick Schmaltz, Marcus Johansson, Jason Zucker, Tyler Johnson
Custom OT Lines Forwards
Mark Scheifele, Nick Schmaltz, Marcus Johansson, Jason Zucker, Tyler Johnson, Adam Lowry, Andreas Johnsson, Patrick Maroon, Shayne Gostisbehere, Isac Lundestrom
Custom OT Lines Defensemen
Esa Lindell, Marcus Pettersson, Ryan Murray, Shayne Gostisbehere, Ben Harpur

Scratches
Nathan Paetsch (Healthy)

% Time on Ice - EDMONTON ICE

Lines # - Real PCT - Wanted PCT - Time Play
Normal Forward
1 - 37% - 37% - 15:19
2 - 33% - 34% - 13:49
3 - 25% - 23% - 10:32
4 - 5% - 6% - 2:08
Normal Defense
1 - 39% - 37% - 16:24
2 - 35% - 33% - 14:26
3 - 21% - 23% - 8:59
4 - 5% - 7% - 1:59
PP Forward
1 - 50% - 57% - 6:01
2 - 50% - 43% - 5:54
PP Defense
1 - 49% - 57% - 5:48
2 - 51% - 43% - 6:07
PK Forward
1 - 69% - 57% - 2:44
2 - 31% - 43% - 1:14
PK Defense
1 - 58% - 57% - 2:17
2 - 42% - 43% - 1:41
PK3 Forward
1 - 0% - 55%
2 - 0% - 45%
PK3 Defense
1 - 0% - 55%
2 - 0% - 45%
44 Forward
1 - 68% - 55% - 2:41
2 - 32% - 45% - 1:16
44 Defense
1 - 43% - 55% - 1:43
2 - 57% - 45% - 2:14
Last Minute Offensive  - 0:00
Last Minute Defensive  - 0:20
Total
Forward - 61:58
Defense - 61:58

% Time on Ice - LOS ANGELES SEALS

Lines # - Real PCT - Wanted PCT - Time Play
Normal Forward
1 - 36% - 36% - 14:57
2 - 34% - 31% - 14:04
3 - 23% - 23% - 9:37
4 - 8% - 10% - 3:10
Normal Defense
1 - 36% - 36% - 14:54
2 - 28% - 31% - 11:36
3 - 26% - 23% - 10:45
4 - 11% - 10% - 4:33
PP Forward
1 - 47% - 55% - 1:53
2 - 53% - 45% - 2:05
PP Defense
1 - 62% - 55% - 2:28
2 - 38% - 45% - 1:30
PK Forward
1 - 59% - 55% - 7:01
2 - 41% - 45% - 4:54
PK Defense
1 - 53% - 55% - 6:18
2 - 47% - 45% - 5:37
PK3 Forward
1 - 75% - 55% - 1:28
2 - 25% - 45% - 0:30
PK3 Defense
1 - 56% - 55% - 1:06
2 - 44% - 45% - 0:52
44 Forward
1 - 58% - 55% - 1:09
2 - 42% - 45% - 0:50
44 Defense
1 - 52% - 55% - 1:02
2 - 48% - 45% - 0:57
Last Minute Offensive  - 0:20
Last Minute Defensive  - 0:00
Total
Forward - 61:58
Defense - 61:58

Play-by-Play

1st period


0:01 of 1st period - Ryan O'Reilly wins face-off versus Mark Scheifele in neutral zone.
0:01 of 1st period - Anthony Mantha is hit by Jason Zucker and loses puck.
0:06 of 1st period - Esa Lindell is hit by Ryan O'Reilly and loses puck.
0:20 of 1st period - Icing by Esa Lindell.
0:21 of 1st period - Mark Scheifele wins face-off versus Mikko Koivu in LOS ANGELES SEALS zone.
0:28 of 1st period - Icing by Esa Lindell.
0:29 of 1st period - Mark Scheifele wins face-off versus Boone Jenner in LOS ANGELES SEALS zone.
0:40 of 1st period - Shot by Boone Jenner.
0:40 of 1st period - Goal by Boone Jenner - EDMONTON ICE : 1 - LOS ANGELES SEALS : 0.
0:41 of 1st period - Mikko Koivu wins face-off versus Andreas Johnsson in neutral zone.
0:44 of 1st period - Shayne Gostisbehere is hit by Timo Meier and loses puck.
1:03 of 1st period - Shot by Marcus Johansson.
1:03 of 1st period - Deflect By Tyler Johnson.
1:03 of 1st period - Stopped by Jake Allen without a rebound.
1:04 of 1st period - Adam Lowry wins face-off versus Ivan Barbashev in EDMONTON ICE zone.
1:06 of 1st period - Minor Penalty to Jack Johnson for Hooking.
1:07 of 1st period - Boone Jenner wins face-off versus Mark Scheifele in EDMONTON ICE zone.
1:40 of 1st period - Shot by Mark Scheifele.
1:40 of 1st period - Stopped by Jake Allen without a rebound.
1:41 of 1st period - Mikko Koivu wins face-off versus Marcus Johansson in EDMONTON ICE zone.
1:41 of 1st period - Mikko Koivu is hit by Andreas Johnsson.
2:01 of 1st period - Mathieu Perreault is hit by Marcus Johansson and loses puck.
3:13 of 1st period - Shot by Patrick Maroon.
3:13 of 1st period - Shot Blocked by Ryan O'Reilly.
3:28 of 1st period - Icing by Anthony Mantha.
3:29 of 1st period - Marcus Johansson wins face-off versus Ryan O'Reilly in EDMONTON ICE zone.
4:07 of 1st period - Shayne Gostisbehere is hit by Anthony Mantha and loses puck.
4:22 of 1st period - Off-side.
4:23 of 1st period - Mark Scheifele wins face-off versus Boone Jenner in neutral zone.
4:26 of 1st period - Ondrej Kase is hit by Jason Zucker and loses puck.
4:58 of 1st period - Mark Scheifele is hit by Shea Theodore.
5:44 of 1st period - Shot by Timo Meier.
5:44 of 1st period - Shot Misses the Net.
5:46 of 1st period - Shot by Calvin De Haan.
5:46 of 1st period - Shot Misses the Net.
5:48 of 1st period - Shot by Mikko Koivu.
5:48 of 1st period - Shot Misses the Net.
5:50 of 1st period - Shot by Patric Hornqvist.
5:50 of 1st period - Stopped by Casey DeSmith without a rebound.
5:51 of 1st period - Ryan O'Reilly wins face-off versus Marcus Johansson in LOS ANGELES SEALS zone.
5:52 of 1st period - Shot by Anthony Mantha.
5:52 of 1st period - Stopped by Casey DeSmith with a rebound.
5:56 of 1st period - Shot by Anthony Mantha.
5:56 of 1st period - Shot Misses the Net.
5:58 of 1st period - Shot by Jaden Schwartz.
5:58 of 1st period - Goal by Jaden Schwartz - EDMONTON ICE : 2 - LOS ANGELES SEALS : 0.
5:59 of 1st period - Ryan O'Reilly wins face-off versus Andreas Johnsson in neutral zone.
6:52 of 1st period - Ryan Murray is hit by Patric Hornqvist and loses puck.
7:19 of 1st period - Shot by Patric Hornqvist.
7:19 of 1st period - Goal by Patric Hornqvist - EDMONTON ICE : 3 - LOS ANGELES SEALS : 0.
7:20 of 1st period - Boone Jenner wins face-off versus Mark Scheifele in neutral zone.
7:50 of 1st period - Ondrej Kase is hit by Marcus Pettersson and loses puck.
8:05 of 1st period - Marcus Pettersson is hit by Joel Eriksson Ek and loses puck.
8:36 of 1st period - Shot by Patrick Maroon.
8:36 of 1st period - Shot Misses the Net.
8:40 of 1st period - Shot by Adam Lowry.
8:40 of 1st period - Shot Misses the Net.
8:42 of 1st period - Shot by Patrick Maroon.
8:42 of 1st period - Goal by Patrick Maroon - EDMONTON ICE : 3 - LOS ANGELES SEALS : 1.
8:43 of 1st period - Adam Lowry wins face-off versus Ryan O'Reilly in neutral zone.
8:51 of 1st period - Ryan O'Reilly is hit by Ben Harpur and loses puck.
8:54 of 1st period - Shot by Ryan O'Reilly.
8:54 of 1st period - Stopped by Casey DeSmith without a rebound.
8:55 of 1st period - Marcus Johansson wins face-off versus Ryan O'Reilly in LOS ANGELES SEALS zone.
9:09 of 1st period - Shot by Tyler Johnson.
9:09 of 1st period - Stopped by Jake Allen with a rebound.
9:11 of 1st period - Shot by Marcus Johansson.
9:11 of 1st period - Shot Misses the Net.
9:32 of 1st period - Icing by Marcus Johansson.
9:33 of 1st period - Marcus Johansson wins face-off versus Mikko Koivu in LOS ANGELES SEALS zone.
10:05 of 1st period - Shot by Nick Schmaltz.
10:05 of 1st period - Stopped by Jake Allen with a rebound.
10:26 of 1st period - Minor Penalty to Mark Scheifele for Boarding.
10:26 of 1st period - Minor Penalty to Colton Parayko for Roughing.
10:27 of 1st period - Ryan O'Reilly wins face-off versus Isac Lundestrom in EDMONTON ICE zone.
10:50 of 1st period - Off-side.
10:51 of 1st period - Mikko Koivu wins face-off versus Jason Zucker in neutral zone.
10:54 of 1st period - Jason Zucker is hit by Jaden Schwartz.
12:45 of 1st period - Shot by Adam Lowry.
12:45 of 1st period - Stopped by Jake Allen without a rebound.
12:46 of 1st period - Ivan Barbashev wins face-off versus Marcus Johansson in EDMONTON ICE zone.
12:48 of 1st period - Icing by Shea Theodore.
12:49 of 1st period - Marcus Johansson wins face-off versus Ivan Barbashev in EDMONTON ICE zone.
13:05 of 1st period - Tyler Johnson is hit by Colton Parayko and loses puck.
13:11 of 1st period - Mathieu Perreault is hit by Shayne Gostisbehere and loses puck.
13:16 of 1st period - Shot by Joel Eriksson Ek.
13:16 of 1st period - Stopped by Casey DeSmith with a rebound.
13:18 of 1st period - Shot by Shea Theodore.
13:18 of 1st period - Shot Blocked by Shayne Gostisbehere.
13:25 of 1st period - Mathieu Perreault is hit by Ryan Murray and loses puck.
14:04 of 1st period - Shot by Nick Schmaltz.
14:04 of 1st period - Shot Misses the Net.
14:06 of 1st period - Shot by Esa Lindell.
14:06 of 1st period - Stopped by Jake Allen without a rebound.
14:07 of 1st period - Mikko Koivu wins face-off versus Adam Lowry in EDMONTON ICE zone.
14:53 of 1st period - Off-side.
14:54 of 1st period - Mark Scheifele wins face-off versus Ryan O'Reilly in neutral zone.
15:56 of 1st period - Boone Jenner is hit by Marcus Pettersson and loses puck.
16:10 of 1st period - Joel Eriksson Ek is hit by Marcus Pettersson and loses puck.
16:23 of 1st period - Shot by Boone Jenner.
16:23 of 1st period - Stopped by Casey DeSmith without a rebound.
16:24 of 1st period - Adam Lowry wins face-off versus Mikko Koivu in LOS ANGELES SEALS zone.
16:32 of 1st period - Icing by Patric Hornqvist.
16:33 of 1st period - Marcus Johansson wins face-off versus Mikko Koivu in EDMONTON ICE zone.
16:33 of 1st period - Marcus Johansson is hit by Jack Johnson.
16:43 of 1st period - Shot by Tyler Johnson.
16:43 of 1st period - Stopped by Jake Allen without a rebound.
16:44 of 1st period - Adam Lowry wins face-off versus Ryan O'Reilly in EDMONTON ICE zone.
16:44 of 1st period - Patrick Maroon is hit by Calvin De Haan and loses puck.
17:04 of 1st period - Shot by Anthony Mantha.
17:04 of 1st period - Shot Misses the Net.
17:19 of 1st period - Ryan O'Reilly is hit by Ben Harpur and loses puck.
17:57 of 1st period - Minor Penalty to Ben Harpur for High sticking.
17:58 of 1st period - Joel Eriksson Ek wins face-off versus Mark Scheifele in LOS ANGELES SEALS zone.
18:55 of 1st period - Shot by Anthony Mantha.
18:55 of 1st period - Stopped by Casey DeSmith without a rebound.
18:56 of 1st period - Mark Scheifele wins face-off versus Ryan O'Reilly in LOS ANGELES SEALS zone.
19:01 of 1st period - Shea Theodore is hit by Nick Schmaltz and loses puck.
Goals for this period are 3 for EDMONTON ICE vs 1 for LOS ANGELES SEALS.
Shots for this period are 9 for EDMONTON ICE vs 8 for LOS ANGELES SEALS.

2nd period


0:01 of 2nd period - Mikko Koivu wins face-off versus Mark Scheifele in neutral zone.
0:27 of 2nd period - Shot by Patric Hornqvist.
0:27 of 2nd period - Shot Misses the Net.
0:29 of 2nd period - Shot by Shea Theodore.
0:29 of 2nd period - Goal by Shea Theodore - EDMONTON ICE : 4 - LOS ANGELES SEALS : 1.
0:29 of 2nd period - Carter Hutton enters game.
0:30 of 2nd period - Patrick Maroon wins face-off versus Ryan O'Reilly in neutral zone.
1:04 of 2nd period - Shot by Patrick Maroon.
1:04 of 2nd period - Stopped by Jake Allen without a rebound.
1:05 of 2nd period - Patric Hornqvist wins face-off versus Mark Scheifele in EDMONTON ICE zone.
1:05 of 2nd period - Patric Hornqvist is hit by Jason Zucker.
1:14 of 2nd period - Icing by Shayne Gostisbehere.
1:15 of 2nd period - Mark Scheifele wins face-off versus Boone Jenner in LOS ANGELES SEALS zone.
1:52 of 2nd period - Shot by Boone Jenner.
1:52 of 2nd period - Stopped by Carter Hutton with a rebound.
1:54 of 2nd period - Shot by Shea Theodore.
1:54 of 2nd period - Stopped by Carter Hutton without a rebound.
1:55 of 2nd period - Marcus Johansson wins face-off versus Timo Meier in LOS ANGELES SEALS zone.
2:04 of 2nd period - Jeff Petry is hit by Marcus Johansson.
2:36 of 2nd period - Shot by Patric Hornqvist.
2:36 of 2nd period - Stopped by Carter Hutton with a rebound.
2:38 of 2nd period - Shot by Mikko Koivu.
2:38 of 2nd period - Shot Misses the Net.
2:40 of 2nd period - Shot by Mikko Koivu.
2:40 of 2nd period - Shot Misses the Net.
2:47 of 2nd period - Icing by Marcus Pettersson.
2:48 of 2nd period - Ryan O'Reilly wins face-off versus Marcus Johansson in LOS ANGELES SEALS zone.
3:08 of 2nd period - Minor Penalty to Marcus Pettersson for Hooking.
3:09 of 2nd period - Ryan O'Reilly wins face-off versus Mark Scheifele in LOS ANGELES SEALS zone.
3:14 of 2nd period - Shot by Jaden Schwartz.
3:14 of 2nd period - Shot Blocked by Ryan Murray.
3:16 of 2nd period - Shot by Anthony Mantha.
3:16 of 2nd period - Stopped by Carter Hutton without a rebound.
3:17 of 2nd period - Mark Scheifele wins face-off versus Patric Hornqvist in LOS ANGELES SEALS zone.
3:36 of 2nd period - Shot by Patric Hornqvist.
3:36 of 2nd period - Stopped by Carter Hutton without a rebound.
3:37 of 2nd period - Nick Schmaltz wins face-off versus Ryan O'Reilly in LOS ANGELES SEALS zone.
4:23 of 2nd period - Shot by Anthony Mantha.
4:23 of 2nd period - Shot Blocked by Shayne Gostisbehere.
5:27 of 2nd period - Shot by Joel Eriksson Ek.
5:27 of 2nd period - Stopped by Carter Hutton without a rebound.
5:28 of 2nd period - Marcus Johansson wins face-off versus Jaden Schwartz in LOS ANGELES SEALS zone.
5:37 of 2nd period - Shot by Marcus Johansson.
5:37 of 2nd period - Shot Misses the Net.
6:02 of 2nd period - Shot by Andreas Johnsson.
6:02 of 2nd period - Shot Blocked by Ryan O'Reilly.
6:35 of 2nd period - Icing by Timo Meier.
6:36 of 2nd period - Mark Scheifele wins face-off versus Mikko Koivu in EDMONTON ICE zone.
6:39 of 2nd period - Shot by Mark Scheifele.
6:39 of 2nd period - Shot Blocked by Colton Parayko.
7:39 of 2nd period - Shot by Ondrej Kase.
7:39 of 2nd period - Stopped by Carter Hutton without a rebound.
7:40 of 2nd period - Adam Lowry wins face-off versus Ivan Barbashev in LOS ANGELES SEALS zone.
7:47 of 2nd period - Shot by Adam Lowry.
7:47 of 2nd period - Shot Misses the Net.
7:54 of 2nd period - Off-side.
7:55 of 2nd period - Marcus Johansson wins face-off versus Ryan O'Reilly in neutral zone.
8:07 of 2nd period - Shot by Marcus Johansson.
8:07 of 2nd period - Shot Misses the Net.
8:16 of 2nd period - Icing by Andreas Johnsson.
8:17 of 2nd period - Marcus Johansson wins face-off versus Mikko Koivu in LOS ANGELES SEALS zone.
8:28 of 2nd period - Shot by Timo Meier.
8:28 of 2nd period - Shot Misses the Net.
8:34 of 2nd period - Shot by Timo Meier.
8:34 of 2nd period - Shot Hit the Post.
8:36 of 2nd period - Shot by Timo Meier.
8:36 of 2nd period - Shot Misses the Net.
8:38 of 2nd period - Shot by Timo Meier.
8:38 of 2nd period - Shot Misses the Net.
8:40 of 2nd period - Shot by Colton Parayko.
8:40 of 2nd period - Shot Misses the Net.
8:42 of 2nd period - Shot by Colton Parayko.
8:42 of 2nd period - Stopped by Carter Hutton without a rebound.
8:43 of 2nd period - Ryan O'Reilly wins face-off versus Jason Zucker in LOS ANGELES SEALS zone.
8:45 of 2nd period - Jaden Schwartz is hit by Marcus Pettersson and loses puck.
10:08 of 2nd period - Shot by Timo Meier.
10:08 of 2nd period - Shot Misses the Net.
10:20 of 2nd period - Shot by Timo Meier.
10:20 of 2nd period - Stopped by Carter Hutton without a rebound.
10:21 of 2nd period - Boone Jenner wins face-off versus Marcus Johansson in LOS ANGELES SEALS zone.
10:26 of 2nd period - Shot by Joel Eriksson Ek.
10:26 of 2nd period - Stopped by Carter Hutton without a rebound.
10:27 of 2nd period - Boone Jenner wins face-off versus Marcus Johansson in LOS ANGELES SEALS zone.
10:36 of 2nd period - Shot by Joel Eriksson Ek.
10:36 of 2nd period - Shot Blocked by Andreas Johnsson.
10:40 of 2nd period - Shot by Boone Jenner.
10:40 of 2nd period - Shot Misses the Net.
12:23 of 2nd period - Shot by Nick Schmaltz.
12:23 of 2nd period - Shot Misses the Net.
12:52 of 2nd period - Shot by Patric Hornqvist.
12:52 of 2nd period - Shot Misses the Net.
13:01 of 2nd period - Icing by Adam Lowry.
13:02 of 2nd period - Adam Lowry wins face-off versus Boone Jenner in LOS ANGELES SEALS zone.
15:17 of 2nd period - Shot by Tyler Johnson.
15:17 of 2nd period - Shot Misses the Net.
15:19 of 2nd period - Shot by Andreas Johnsson.
15:19 of 2nd period - Shot Misses the Net.
15:21 of 2nd period - Shot by Andreas Johnsson.
15:21 of 2nd period - Shot Misses the Net.
15:23 of 2nd period - Shot by Marcus Johansson.
15:23 of 2nd period - Stopped by Jake Allen without a rebound.
15:23 of 2nd period - Minor Penalty to Jake Allen for Slashing.
15:24 of 2nd period - Boone Jenner wins face-off versus Marcus Johansson in EDMONTON ICE zone.
15:33 of 2nd period - Shot by Boone Jenner.
15:33 of 2nd period - Stopped by Carter Hutton without a rebound.
15:34 of 2nd period - Marcus Johansson wins face-off versus Boone Jenner in LOS ANGELES SEALS zone.
17:30 of 2nd period - Mathieu Perreault is hit by Adam Lowry and loses puck.
18:16 of 2nd period - Icing by Adam Lowry.
18:17 of 2nd period - Adam Lowry wins face-off versus Mikko Koivu in LOS ANGELES SEALS zone.
18:17 of 2nd period - Adam Lowry is hit by Timo Meier.
18:36 of 2nd period - Shot by Timo Meier.
18:36 of 2nd period - Shot Misses the Net.
19:02 of 2nd period - Shea Theodore is hit by Ryan Murray and loses puck.
19:22 of 2nd period - Shot by Nick Schmaltz.
19:22 of 2nd period - Shot Misses the Net.
19:33 of 2nd period - Icing by Colton Parayko.
19:34 of 2nd period - Marcus Johansson wins face-off versus Mikko Koivu in EDMONTON ICE zone.
19:41 of 2nd period - Icing by Shea Theodore.
19:42 of 2nd period - Marcus Johansson wins face-off versus Mikko Koivu in EDMONTON ICE zone.
19:58 of 2nd period - Off-side.
19:59 of 2nd period - Mark Scheifele wins face-off versus Ryan O'Reilly in neutral zone.
Goals for this period are 1 for EDMONTON ICE vs 0 for LOS ANGELES SEALS.
Shots for this period are 12 for EDMONTON ICE vs 2 for LOS ANGELES SEALS.

3rd period


0:01 of 3rd period - Mark Scheifele wins face-off versus Jaden Schwartz in neutral zone.
0:04 of 3rd period - Shot by Nick Schmaltz.
0:04 of 3rd period - Stopped by Jake Allen without a rebound.
0:05 of 3rd period - Ryan O'Reilly wins face-off versus Mark Scheifele in EDMONTON ICE zone.
0:05 of 3rd period - Ryan O'Reilly is hit by Jason Zucker.
0:25 of 3rd period - Shot by Mark Scheifele.
0:25 of 3rd period - Shot Misses the Net.
0:27 of 3rd period - Shot by Mark Scheifele.
0:27 of 3rd period - Shot Blocked by Jeff Petry.
0:29 of 3rd period - Shot by Mark Scheifele.
0:29 of 3rd period - Deflect By Jason Zucker.
0:29 of 3rd period - Shot Hit the Post.
0:31 of 3rd period - Shot by Mark Scheifele.
0:31 of 3rd period - Stopped by Jake Allen with a rebound.
0:33 of 3rd period - Shot by Shayne Gostisbehere.
0:33 of 3rd period - Goal by Shayne Gostisbehere - EDMONTON ICE : 4 - LOS ANGELES SEALS : 2.
0:34 of 3rd period - Boone Jenner wins face-off versus Marcus Johansson in neutral zone.
1:36 of 3rd period - Shot by Jaden Schwartz.
1:36 of 3rd period - Shot Misses the Net.
1:40 of 3rd period - Shot by Ryan O'Reilly.
1:40 of 3rd period - Shot Misses the Net.
1:42 of 3rd period - Shot by Anthony Mantha.
1:42 of 3rd period - Shot Misses the Net.
1:44 of 3rd period - Shot by Jaden Schwartz.
1:44 of 3rd period - Stopped by Carter Hutton without a rebound.
1:45 of 3rd period - Mark Scheifele wins face-off versus Mikko Koivu in LOS ANGELES SEALS zone.
1:47 of 3rd period - Icing by Nick Schmaltz.
1:48 of 3rd period - Ryan O'Reilly wins face-off versus Mark Scheifele in LOS ANGELES SEALS zone.
1:55 of 3rd period - Shot by Jaden Schwartz.
1:55 of 3rd period - Shot Blocked by Ryan Murray.
1:56 of 3rd period - Minor Penalty to Ryan Murray for Interference.
1:57 of 3rd period - Mark Scheifele wins face-off versus Ryan O'Reilly in LOS ANGELES SEALS zone.
2:34 of 3rd period - Shot by Anthony Mantha.
2:34 of 3rd period - Shot Misses the Net.
2:36 of 3rd period - Shot by Anthony Mantha.
2:36 of 3rd period - Deflect By Jaden Schwartz.
2:36 of 3rd period - Shot Misses the Net.
2:38 of 3rd period - Shot by Shea Theodore.
2:38 of 3rd period - Stopped by Carter Hutton with a rebound.
3:16 of 3rd period - Shot by Timo Meier.
3:16 of 3rd period - Deflect By Patric Hornqvist.
3:16 of 3rd period - Shot Misses the Net.
4:13 of 3rd period - Shot by Anthony Mantha.
4:13 of 3rd period - Deflect By Boone Jenner.
4:13 of 3rd period - Stopped by Carter Hutton with a rebound.
4:15 of 3rd period - Shot by Ondrej Kase.
4:15 of 3rd period - Shot Misses the Net.
4:17 of 3rd period - Shot by Jeff Petry.
4:17 of 3rd period - Deflect By Anthony Mantha.
4:17 of 3rd period - Stopped by Carter Hutton without a rebound.
4:18 of 3rd period - Ivan Barbashev wins face-off versus Marcus Johansson in LOS ANGELES SEALS zone.
4:27 of 3rd period - Shot by Ivan Barbashev.
4:27 of 3rd period - Stopped by Carter Hutton without a rebound.
4:28 of 3rd period - Adam Lowry wins face-off versus Ryan O'Reilly in LOS ANGELES SEALS zone.
5:19 of 3rd period - Icing by Ryan Murray.
5:20 of 3rd period - Mikko Koivu wins face-off versus Mark Scheifele in LOS ANGELES SEALS zone.
5:23 of 3rd period - Shot by Timo Meier.
5:23 of 3rd period - Deflect By Patric Hornqvist.
5:23 of 3rd period - Stopped by Carter Hutton without a rebound.
5:24 of 3rd period - Mark Scheifele wins face-off versus Mikko Koivu in LOS ANGELES SEALS zone.
6:40 of 3rd period - Minor Penalty to Marcus Pettersson for Roughing.
6:41 of 3rd period - Mark Scheifele wins face-off versus Ryan O'Reilly in LOS ANGELES SEALS zone.
7:04 of 3rd period - Shot by Anthony Mantha.
7:04 of 3rd period - Stopped by Carter Hutton with a rebound.
7:12 of 3rd period - Shot by Anthony Mantha.
7:12 of 3rd period - Deflect By Jaden Schwartz.
7:12 of 3rd period - Stopped by Carter Hutton without a rebound.
7:13 of 3rd period - Mark Scheifele wins face-off versus Joel Eriksson Ek in LOS ANGELES SEALS zone.
7:39 of 3rd period - Marcus Johansson is hit by Timo Meier and loses puck.
7:48 of 3rd period - Shot by Timo Meier.
7:48 of 3rd period - Shot Blocked by Esa Lindell.
8:29 of 3rd period - Shot by Colton Parayko.
8:29 of 3rd period - Stopped by Carter Hutton without a rebound.
8:30 of 3rd period - Ryan O'Reilly wins face-off versus Nick Schmaltz in LOS ANGELES SEALS zone.
8:37 of 3rd period - Shot by Anthony Mantha.
8:37 of 3rd period - Stopped by Carter Hutton without a rebound.
8:38 of 3rd period - Mark Scheifele wins face-off versus Joel Eriksson Ek in LOS ANGELES SEALS zone.
9:20 of 3rd period - Shot by Patrick Maroon.
9:20 of 3rd period - Shot Blocked by Colton Parayko.
9:56 of 3rd period - Marcus Johansson is hit by Jaden Schwartz and loses puck.
10:02 of 3rd period - Icing by Esa Lindell.
10:03 of 3rd period - Marcus Johansson wins face-off versus Mikko Koivu in LOS ANGELES SEALS zone.
10:12 of 3rd period - Shot by Andreas Johnsson.
10:12 of 3rd period - Goal by Andreas Johnsson - EDMONTON ICE : 4 - LOS ANGELES SEALS : 3.
10:13 of 3rd period - Ryan O'Reilly wins face-off versus Mark Scheifele in neutral zone.
10:16 of 3rd period - Shot by Anthony Mantha.
10:16 of 3rd period - Stopped by Carter Hutton without a rebound.
10:17 of 3rd period - Mark Scheifele wins face-off versus Ryan O'Reilly in LOS ANGELES SEALS zone.
10:44 of 3rd period - Icing by Ryan Murray.
10:45 of 3rd period - Timo Meier wins face-off versus Mark Scheifele in LOS ANGELES SEALS zone.
10:46 of 3rd period - Shot by Patric Hornqvist.
10:46 of 3rd period - Stopped by Carter Hutton with a rebound.
11:59 of 3rd period - Shot by Jaden Schwartz.
11:59 of 3rd period - Stopped by Carter Hutton without a rebound.
12:00 of 3rd period - Adam Lowry wins face-off versus Boone Jenner in LOS ANGELES SEALS zone.
12:39 of 3rd period - Shot by Ondrej Kase.
12:39 of 3rd period - Shot Misses the Net.
13:10 of 3rd period - Shot by Anthony Mantha.
13:10 of 3rd period - Stopped by Carter Hutton without a rebound.
13:11 of 3rd period - Mikko Koivu wins face-off versus Mark Scheifele in LOS ANGELES SEALS zone.
13:46 of 3rd period - Nick Schmaltz is hit by Jack Johnson and loses puck.
13:51 of 3rd period - Shot by Mark Scheifele.
13:51 of 3rd period - Stopped by Jake Allen without a rebound.
13:52 of 3rd period - Marcus Johansson wins face-off versus Anthony Mantha in EDMONTON ICE zone.
14:09 of 3rd period - Shot by Marcus Johansson.
14:09 of 3rd period - Shot Misses the Net.
14:11 of 3rd period - Shot by Esa Lindell.
14:11 of 3rd period - Shot Misses the Net.
14:13 of 3rd period - Shot by Marcus Johansson.
14:13 of 3rd period - Shot Blocked by Calvin De Haan.
15:11 of 3rd period - Shot by Nick Schmaltz.
15:11 of 3rd period - Stopped by Jake Allen without a rebound.
15:12 of 3rd period - Mikko Koivu wins face-off versus Adam Lowry in EDMONTON ICE zone.
15:18 of 3rd period - Minor Penalty to Ben Harpur for Elbowing.
15:19 of 3rd period - Joel Eriksson Ek wins face-off versus Mark Scheifele in LOS ANGELES SEALS zone.
16:31 of 3rd period - Shot by Jaden Schwartz.
16:31 of 3rd period - Shot Blocked by Esa Lindell.
16:33 of 3rd period - Shot by Ryan O'Reilly.
16:33 of 3rd period - Stopped by Carter Hutton without a rebound.
16:34 of 3rd period - Ryan O'Reilly wins face-off versus Mark Scheifele in LOS ANGELES SEALS zone.
16:35 of 3rd period - Shot by Shea Theodore.
16:35 of 3rd period - Shot Misses the Net.
17:18 of 3rd period - Minor Penalty to Adam Lowry for Hooking.
17:19 of 3rd period - Joel Eriksson Ek wins face-off versus Mark Scheifele in LOS ANGELES SEALS zone.
17:56 of 3rd period - Shot by Patric Hornqvist.
17:56 of 3rd period - Stopped by Carter Hutton with a rebound.
17:58 of 3rd period - Shot by Joel Eriksson Ek.
17:58 of 3rd period - Stopped by Carter Hutton without a rebound.
17:59 of 3rd period - Ryan O'Reilly wins face-off versus Marcus Johansson in LOS ANGELES SEALS zone.
19:00 of 3rd period - Shot by Patric Hornqvist.
19:00 of 3rd period - Shot Misses the Net.
19:02 of 3rd period - Shot by Colton Parayko.
19:02 of 3rd period - Stopped by Carter Hutton without a rebound.
19:03 of 3rd period - Mark Scheifele wins face-off versus Joel Eriksson Ek in LOS ANGELES SEALS zone.
19:19 of 3rd period - LOS ANGELES SEALS, Carter Hutton is pulled from the net.
19:21 of 3rd period - Shot by Nick Schmaltz.
19:21 of 3rd period - Shot Misses the Net.
19:23 of 3rd period - Shot by Jason Zucker.
19:23 of 3rd period - Shot Misses the Net.
19:25 of 3rd period - Shot by Jason Zucker.
19:25 of 3rd period - Stopped by Jake Allen without a rebound.
19:26 of 3rd period - Mark Scheifele wins face-off versus Boone Jenner in EDMONTON ICE zone.
19:27 of 3rd period - Shot by Nick Schmaltz.
19:27 of 3rd period - Stopped by Jake Allen without a rebound.
19:28 of 3rd period - Boone Jenner wins face-off versus Nick Schmaltz in EDMONTON ICE zone.
19:37 of 3rd period - Shot by Jason Zucker.
19:37 of 3rd period - Goal by Jason Zucker - EDMONTON ICE : 4 - LOS ANGELES SEALS : 4.
19:37 of 3rd period - Carter Hutton from LOS ANGELES SEALS was sent back in the game.
19:38 of 3rd period - Adam Lowry wins face-off versus Ryan O'Reilly in neutral zone.
19:56 of 3rd period - Jeff Petry is hit by Ben Harpur and loses puck.
19:58 of 3rd period - Minor Penalty to Ben Harpur for Interference.
19:59 of 3rd period - Mark Scheifele wins face-off versus Joel Eriksson Ek in LOS ANGELES SEALS zone.
Goals for this period are 0 for EDMONTON ICE vs 3 for LOS ANGELES SEALS.
Shots for this period are 18 for EDMONTON ICE vs 9 for LOS ANGELES SEALS.

Overtime #1


0:01 of 1st overtime period - Mark Scheifele wins face-off versus Ryan O'Reilly in neutral zone.
0:26 of 1st overtime period - Shot by Timo Meier.
0:26 of 1st overtime period - Stopped by Carter Hutton without a rebound.
0:27 of 1st overtime period - Mark Scheifele wins face-off versus Ryan O'Reilly in LOS ANGELES SEALS zone.
0:27 of 1st overtime period - Mark Scheifele is hit by Timo Meier.
2:02 of 1st overtime period - Shot by Joel Eriksson Ek.
2:02 of 1st overtime period - Stopped by Carter Hutton without a rebound.
2:03 of 1st overtime period - Marcus Johansson wins face-off versus Anthony Mantha in LOS ANGELES SEALS zone.
2:23 of 1st overtime period - Shot by Marcus Johansson.
2:23 of 1st overtime period - Shot Misses the Net.
3:35 of 1st overtime period - Shot by Anthony Mantha.
3:35 of 1st overtime period - Shot Misses the Net.
3:37 of 1st overtime period - Shot by Anthony Mantha.
3:37 of 1st overtime period - Stopped by Carter Hutton with a rebound.
3:39 of 1st overtime period - Shot by Shea Theodore.
3:39 of 1st overtime period - Shot Misses the Net.
Goals for this period are 0 for EDMONTON ICE vs 0 for LOS ANGELES SEALS.
Shots for this period are 3 for EDMONTON ICE vs 0 for LOS ANGELES SEALS.

ShootOut


5:00 of 1st overtime period - Round #1.
5:00 of 1st overtime period - EDMONTON ICE, Ryan O'Reilly.
5:00 of 1st overtime period - Goal by Ryan O'Reilly.
5:00 of 1st overtime period - LOS ANGELES SEALS, Mark Scheifele.
5:00 of 1st overtime period - Stopped by Jake Allen.
5:00 of 1st overtime period - Round #2.
5:00 of 1st overtime period - EDMONTON ICE, Anthony Mantha.
5:00 of 1st overtime period - Goal by Anthony Mantha.
5:00 of 1st overtime period - LOS ANGELES SEALS, Nick Schmaltz.
5:00 of 1st overtime period - Stopped by Jake Allen.
5:00 of 1st overtime period - Round #3.


SEBASTIAN
AHO
MARK
SCHEIFELE
JAKE
OETTINGER

EAST COAST

HOCKEY LEAGUE

  • 17.QUE3CHI2
  • 18.CHA2LIM4
  • 19.TRV3LON2
  • 20.CHW1BAL2
  • 21.PITMAN
  • 22.ATLNHW
  • 23.WORPET
  • 24.RHI